 Dungeon Crawl Stone Soup version 0.21.1-1-g345015f (webtiles) character file.

13727 JeffiDaFish the Arsonist (level 11, -4/74 HPs)
             Began as a Grey Draconian Fire Elementalist on Mar 25, 2018.
             Was a Priest of Vehumet.
             Killed from afar by a molten gargoyle (29 damage)
             ... with a bolt of magma
             ... on level 11 of the Dungeon.
             The game lasted 00:37:22 (15902 turns).

JeffiDaFish the Arsonist (DrFE)                    Turns: 15902, Time: 00:37:23

Health: -4/74      AC: 15    Str: 10    XL:     11   Next: 79%
Magic:  21/25      EV: 14    Int: 19    God:    Vehumet [***...]
Gold:   417        SH:  6    Dex: 12    Spells: 15/31 levels left

rFire    . . .     SeeInvis .   u - +2 dire flail (drain)
rCold    . . .     Gourm    .   (shield currently unavailable)
rNeg     . . .     Faith    .   (armour unavailable)
rPois    .         Spirit   .   d - +2 hat
rElec    .         Reflect  +   e - +0 cloak
rCorr    .         Harm     .   (no gloves)
MR       +....                  (no boots)
Stlth    +++.......             v - +6 amulet of reflection
HPRegen  0.22/turn              k - ring of stealth
MPRegen  0.19/turn              n - ring of protection from magic

@: about to teleport, very slightly contaminated
A: walk through water, unfitting armour, mutation resistance 1, unbreathing,
cold-blooded, AC +12
a: Renounce Religion


You were on level 11 of the Dungeon.
You worshipped Vehumet.
Vehumet was most pleased with you.
You were very hungry.

You visited 2 branches of the dungeon, and saw 12 of its levels.
You also visited: Sewer.

You collected 578 gold pieces.
You spent 161 gold pieces at shops.

Inventory:

Hand Weapons
 h - a +0 falchion
 u - a +2 dire flail of draining (weapon)
Armour
 d - a +2 hat (worn)
 e - a +0 cloak (worn)
Jewellery
 g - an uncursed ring of resist corrosion
 k - a ring of stealth (left hand)
 n - a ring of protection from magic (right hand)
 v - a +6 amulet of reflection (around neck)
Wands
 q - a wand of iceblast (8)
Scrolls
 i - 2 scrolls of fog
 l - 4 scrolls of identify
 o - a scroll of teleportation
 r - 3 scrolls of remove curse
 y - a scroll of enchant armour
Potions
 c - 2 potions of might
 j - 9 potions of curing
 m - a potion of heal wounds
 s - 2 potions of flight
 t - 2 potions of berserk rage
 w - a potion of brilliance
 z - a potion of agility
Books
 a - a book of Flames

   Spells                             Type                      Level
   a - Flame Tongue                   Conjuration/Fire             1
   b - Throw Flame                    Conjuration/Fire             2
   c - Conjure Flame                  Conjuration/Fire             3
   d - Inner Flame                    Hexes/Fire                   3
   e - Sticky Flame                   Conjuration/Fire             4
   f - Fireball                       Conjuration/Fire             5
Comestibles
 b - 17 rations


   Skills:
 + Level 1.6 Maces & Flails
 + Level 4.8 Dodging
 - Level 1.7 Stealth
 * Level 10.5 Spellcasting
 * Level 9.5 Conjurations
 * Level 11.5 Fire Magic


You had 15 spell levels left.
You knew the following spells:

 Your Spells              Type           Power        Failure   Level  Hunger
a - Flame Tongue          Conj/Fire      #####        1%          1    None
b - Conjure Flame         Conj/Fire      ######..     1%          3    None
c - Sticky Flame          Conj/Fire      ######..     1%          4    ##.....
d - Fireball              Conj/Fire      ######....   1%          5    ####...
e - Ignite Poison         Fire/Tmut/Pois ###.....     1%          3    None


Dungeon Overview and Level Annotations

Branches:
Dungeon (11/15)            Temple (1/1) D:7            Lair (0/6) D:11
    Orc: D:9-12

Altars:
Ashenzari
Cheibriados
Dithmenos
Elyvilon
Fedhas
Gozag
Hepliaklqana
Kikubaaqudgha
Makhleb
Okawaru
Ru
Sif Muna
Trog
Vehumet
Wu Jian
Xom
Yredelemnul
Zin
The Shining One

Shops:
D:10 ?   D:11 (


Innate Abilities, Weirdness & Mutations

You can walk through water.
Your dull iron-grey scales are very hard. (AC +12)
You cannot fit into any form of body armour.
You can survive without breathing.
You are cold-blooded and may be slowed by cold attacks.
You are somewhat resistant to further mutation.


Message History

You thump the centaur warrior zombie!
You tail-slap the centaur warrior zombie.
The centaur warrior zombie is lightly damaged.
Your surroundings suddenly seem different.
Found 17 gold pieces. 2 molten gargoyles come into view.
A lava snake comes into view.
The lava snake hisses angrily.
As you read the scroll of teleportation, it crumbles to dust.
You feel strangely unstable.
The molten gargoyle blasts magma at you!
The bolt of magma misses you.
You feel much better.
The molten gargoyle blasts magma at you!
The bolt of magma hits you!
* * * LOW HITPOINT WARNING * * *
You feel much better.
The molten gargoyle blasts magma at you!
The bolt of magma hits you!
You die...

########.## ##9#
#.9...# #..
#'##### ##.
#..†...# ##
#......# #
#......+ #......#
##########......#
.......@.'.)(...#
########9#.#.#.#.
.#9#.# #.## ## ##
.§§.. #...##.
.§S9≈§ .##..'.
9§≈9≈≈§ #....9H
.§§88§9§.#.####
§§≈88§ #.


You could see 4 molten gargoyles and a lava snake.

Vanquished Creatures
  Gastronok (D:9)
  A stone giant (D:11)
  Erica (D:9)
  2 two-headed ogres
  Psyche (D:9)
  A troll (D:10)
  Grinder (D:3)
  A hornet (D:10)
  Prince Ribbit (D:6)
  A hippogriff (D:11)
  2 slime creatures (D:6)
  Sigmund (D:6)
  6 yaks (D:11)
  Edmund (D:6)
  An acid dragon (D:11)
  4 porcupines (D:11)
  2 sky beasts
  4 black bears
  2 ice beasts
  5 orc warriors
  6 phantoms
  5 ogres
  4 centaurs
  2 crocodiles
  A big kobold (D:6)
  7 bullfrogs
  2 wyvern zombies
  3 scorpions
  9 killer bees
  3 wights (D:11)
  A howler monkey (D:5)
  5 crimson imps
  A bullfrog zombie (D:9)
  7 jellies
  6 hounds
  2 quasits
  6 orc priests
  2 centaur skeletons
  9 orc wizards
  Terence (D:2)
  5 iguanas
  5 worker ants
  A hound zombie (D:8)
  3 hound skeletons
  A worker ant zombie (D:5)
  A howler monkey zombie (D:9)
  15 adders
  3 shadow imps
  11 oozes
  An adder skeleton (D:5)
  6 dart slugs
  13 leopard geckos
  35 orcs
  3 ball pythons
  14 giant cockroaches
  9 hobgoblins
  18 jackals
  5 quokkas
  11 bats
  7 frilled lizards
  4 goblins
  13 kobolds
  A quokka skeleton (D:4)
  8 rats
  3 fungi
  A plant (D:11)
318 creatures vanquished.

Vanquished Creatures (others)
  Crazy Yiuf (D:2)
  29 fungi
  4 plants (D:11)
  5 toadstools (D:6)
39 creatures vanquished.

Grand Total: 357 creatures vanquished

Notes
Turn   | Place    | Note
-------+----------+-------------------------------------------
     0 | D:1      | JeffiDaFish the Draconian Fire Elementalist began the quest for the Orb.
     0 | D:1      | Reached XP level 1. HP: 14/14 MP: 3/3
   407 | D:1      | Reached XP level 2. HP: 20/20 MP: 1/5
  1475 | D:2      | Reached XP level 3. HP: 13/26 MP: 0/7
  1661 | D:2      | Noticed Terence
  1663 | D:2      | Found a snail-covered altar of Cheibriados.
  1669 | D:2      | Killed Terence
  1669 | D:2      | Reached XP level 4. HP: 33/33 MP: 3/8
  1799 | D:2      | Learned a level 3 spell: Conjure Flame
  1877 | D:2      | Reached skill level 4 in Fire Magic
  2428 | D:2      | Learned a level 4 spell: Sticky Flame
  2562 | D:2      | Reached XP level 5. HP: 38/38 MP: 7/10
  2683 | D:2      | Found a runed door.
  2687 | D:2      | Noticed Crazy Yiuf
  2690 | D:2      | Killed Crazy Yiuf
  3029 | D:3      | Found a shattered altar of Ashenzari.
  3518 | D:3      | Noticed Grinder
  3527 | D:3      | Paralysed by Grinder for 4 turns
  3531 | D:3      | Killed Grinder
  3531 | D:3      | Reached skill level 5 in Fire Magic
  3531 | D:3      | Reached XP level 6. HP: 30/45 MP: 5/12
  3724 | D:3      | Learned a level 5 spell: Fireball
  4524 | D:4      | Your scales start taking on a dull iron-grey colour.
  4524 | D:4      | Reached XP level 7. HP: 47/50 MP: 7/14
  4524 | D:4      | Gained mutation: You can survive without breathing. [Grey Draconian growth]
  4953 | D:4      | Reached skill level 5 in Spellcasting
  5035 | D:4      | Reached skill level 6 in Fire Magic
  5378 | D:5      | Entered Level 5 of the Dungeon
  5516 | D:5      | Gained mutation: You are somewhat resistant to further mutation. [potion of mutation]
  5611 | D:5      | Reached XP level 8. HP: 49/57 MP: 6/16
  5733 | D:5      | Found a glowing drain.
  6032 | Sewer    | Entered a sewer
  6184 | Sewer    | Reached skill level 7 in Fire Magic
  7141 | D:6      | Noticed Prince Ribbit
  7149 | D:6      | Killed Prince Ribbit
  7155 | D:6      | Reached skill level 5 in Conjurations
  7485 | D:6      | Noticed a slime creature
  7508 | D:6      | Killed a slime creature
  7508 | D:6      | Reached skill level 8 in Fire Magic
  7707 | D:6      | Reached XP level 9. HP: 56/62 MP: 13/19
  8414 | D:6      | Noticed Sigmund
  8424 | D:6      | Killed Sigmund
  8644 | D:6      | Noticed Edmund
  8654 | D:6      | Killed Edmund
  9271 | D:7      | Found a staircase to the Ecumenical Temple.
  9280 | Temple   | Entered the Ecumenical Temple
  9419 | Temple   | Became a worshipper of Vehumet
  9528 | D:7      | Reached skill level 9 in Fire Magic
 10745 | D:8      | Reached * piety under Vehumet
 10745 | D:8      | Offered knowledge of Sting by Vehumet.
 10745 | D:8      | Reached XP level 10. HP: 59/69 MP: 1/22
 11004 | D:8      | Found a hazy altar of Hepliaklqana.
 11706 | D:9      | Noticed Gastronok
 11723 | D:9      | Killed Gastronok
 11723 | D:9      | Reached skill level 10 in Fire Magic
 11913 | D:9      | Noticed Psyche
 11917 | D:9      | Killed Psyche
 11985 | D:9      | Offered knowledge of Freeze by Vehumet.
 12016 | D:9      | Reached ** piety under Vehumet
 12342 | D:9      | Found an ancient bone altar of Kikubaaqudgha.
 12387 | D:9      | Noticed Erica
 12395 | D:9      | Killed Erica
 12395 | D:9      | Reached XP level 11. HP: 64/74 MP: 8/24
 12706 | D:9      | Noticed a two-headed ogre
 12715 | D:9      | Killed a two-headed ogre
 12915 | D:9      | Found a blossoming altar of Fedhas.
 12974 | D:10     | Entered Level 10 of the Dungeon
 13617 | D:10     | Offered knowledge of Ignite Poison by Vehumet.
 13637 | D:10     | Learned a level 3 spell: Ignite Poison
 13791 | D:10     | Found Uteiph's Magic Scroll Emporium.
 13791 | D:10     | Noticed a two-headed ogre
 13794 | D:10     | Killed a two-headed ogre
 13794 | D:10     | Reached skill level 10 in Spellcasting
 13794 | D:10     | Reached skill level 11 in Fire Magic
 13943 | D:10     | Bought a scroll of fog for 34 gold pieces
 13943 | D:10     | Bought a scroll of blinking for 127 gold pieces
 14190 | D:11     | Reached *** piety under Vehumet
 14712 | D:10     | Offered knowledge of Throw Icicle by Vehumet.
 15363 | D:11     | Found Akiorgh's Weapon Shop.
 15380 | D:11     | Found a staircase to the Lair.
 15468 | D:11     | Reached skill level 1 in Maces & Flails
 15557 | D:11     | Noticed a stone giant
 15894 | D:11     | Killed a stone giant
 15901 | D:11     | HP: 2/74 [molten gargoyle/bolt of magma (33)]
 15902 | D:11     | Killed from afar by a molten gargoyle

Skill      XL: |  1  2  3  4  5  6  7  8  9 10 11 |
---------------+----------------------------------+-----
Spellcasting   | 3 4 5 7 8 9 10 | 10.5
Conjurations   | 2 3 4 5 6 8 9 |  9.5
Fire Magic     | 4 5 6 8 9 10 11 | 11.5
Dodging        | 2 3 4 |  4.8
Maces & Flails | 1 |  1.6
Stealth        | |  1.7

Action                   |  1- 3 |  4- 6 |  7- 9 | 10-12 || total
-------------------------+-------+-------+-------+-------++-------
Melee: Dagger            |    36 |    11 |       |       ||    47
       Unarmed           |     2 |       |       |       ||     2
       Tailslap          |     2 |    21 |    19 |    24 ||    66
       Falchion          |       |   115 |   178 |       ||   293
       Dire flail        |       |       |    70 |   203 ||   273
 Cast: Flame Tongue      |    38 |    58 |   143 |    49 ||   288
       Sticky Flame      |       |     7 |    42 |    39 ||    88
       Conjure Flame     |       |     1 |       |       ||     1
       Fireball          |       |       |     9 |    49 ||    58
  Use: Potion            |     3 |     4 |     4 |     3 ||    14
       Scroll            |     3 |     4 |     7 |    10 ||    24
 Stab: Sleeping          |       |     1 |     4 |       ||     5
  Eat: Chunk             |     1 |    10 |    16 |    20 ||    47
       Ration            |     1 |       |     3 |     3 ||     7
Armor: Skin              |    19 |    76 |   157 |   113 ||   365
Dodge: Dodged            |    34 |   151 |   220 |   177 ||   582
Block: Other             |       |       |       |     1 ||     1
       Rpst.: Falchion   |       |    44 |    47 |       ||    91
